 Dungeon Crawl Stone Soup version 0.20-a0-823-gdec668e (webtiles) character file.

16459 Amciq the Basher (level 12, -3/122 HPs)
             Began as a Troll Berserker on Mar 5, 2017.
             Was a High Priest of Trog.
             Slain by a seven-headed hydra (14 damage)
             ... on level 2 of the Lair of Beasts.
             The game lasted 00:32:00 (10681 turns).

Amciq the Basher (Troll Berserker)                 Turns: 10681, Time: 00:32:00

Health: -3/122     AC: 11    Str: 32    XL:     12   Next: 10%
Magic:  11/11      EV: 15    Int:  3    God:    Trog [*****.]
Gold:   533        SH:  0    Dex: 16    Spells: 11/11 levels left

rFire    x . .     SeeInvis .   o - +2 giant spiked club (flame)
rCold    + + .     Gourm    +   n - +0 troll leather armour {Purgy}
rNeg     . . .     Faith    +   (shield currently unavailable)
rPois    .         Spirit   .   (helmet restricted)
rElec    .         Reflect  .   a - +0 cloak {rC+}
rCorr    .         Harm     .   (gloves unavailable)
MR       +....                  (boots unavailable)
Stlth    ++........             G - amulet of faith
Regen    1.1/turn               C - ring of ice
MPRegen  0.2/turn               f - +5 ring of dexterity

@: exhausted, slowed, very slow
A: unfitting armour, beak, claws 3, thin metallic scales 1, thin skeletal
structure 1, fast metabolism 3, gourmand, magic resistance 1, regeneration 1,
shaggy fur 1, tough skin 2
a: Berserk, Trog's Hand, Brothers in Arms, Burn Spellbooks, Renounce Religion


You were on level 2 of the Lair of Beasts.
You worshipped Trog.
Trog was extremely pleased with you.
You were not hungry.

You visited 2 branches of the dungeon, and saw 12 of its levels.
You also visited: Sewer and Ice Cave.

You collected 533 gold pieces.

Inventory:

Hand Weapons
 o - a +2 giant spiked club of flaming (weapon)
 y - a +0 dire flail
Missiles
 z - 4 large rocks (quivered)
Armour
 a - a +0 cloak of cold resistance (worn)
 n - a +0 troll leather armour (worn) {Purgy}
Jewellery
 f - a +5 ring of dexterity (left claw)
 C - a ring of ice (right claw)
 G - an amulet of faith (around neck)
Wands
 m - a wand of disintegration (16/24)
 p - a wand of iceblast (7/15)
 v - a wand of confusion (32/48)
 w - a wand of random effects (30/48)
 B - a wand of flame (13/48)
 E - a wand of polymorph (11/24)
 K - a wand of confusion (29/48)
Scrolls
 e - a scroll of blinking
 h - a scroll of fear
 j - 6 scrolls of teleportation
 q - 7 scrolls of identify
 t - 5 scrolls of remove curse
 u - a scroll of fog
 H - a scroll of magic mapping
 I - a scroll of vulnerability {unknown}
 J - 2 scrolls of enchant weapon
Potions
 d - 4 potions of heal wounds
 g - 2 potions of flight {unknown}
 k - 4 potions of curing
 r - 4 potions of haste
 s - 2 potions of ambrosia {unknown}
 x - a potion of lignification
 D - a potion of resistance {unknown}
 F - 2 potions of magic {unknown}
Comestibles
 c - 8 bread rations
 i - 8 fruits
 l - 4 meat rations
 A - a royal jelly


   Skills:
 + Level 8.7 Fighting
 + Level 9.1 Maces & Flails
 * Level 5.9 Throwing
 + Level 7.3 Armour
 + Level 8.7 Dodging


You had 11 spell levels left.
You didn't know any spells.

Dungeon Overview and Level Annotations

Branches:
Dungeon (10/15)            Temple (0/1) D:6            Lair (2/6) D:10
 Spider (0/4) Lair:2          Orc (0/2) D:9
  Swamp: Lair:2-4    Shoals: Lair:2-4

Altars:
Ashenzari
Sif Muna
Trog
Vehumet
Zin

Shops:
D:5 =   D:7 (

Annotations:
D:10 exclusion: oklob plant


Innate Abilities, Weirdness & Mutations

You are too large for most types of armour.
You have claws for hands.
Your metabolism is lightning-fast.
You like to eat raw meat.
Your natural rate of healing is unusually fast.
You are covered in fur. (AC +1)
You have very tough skin. (AC +2)
You have a beak for a mouth.
You are partially covered in thin metallic scales. (AC +2)
You have a somewhat thin skeletal structure. (Dex +2, Stealth)
You are resistant to hostile enchantments. (MR+)


Message History

You puncture the seven-headed hydra! You burn the seven-headed hydra.
You peck the seven-headed hydra.
The seven-headed hydra is heavily wounded.
The seven-headed hydra bites you. x2
The seven-headed hydra bites you but does no damage.
The seven-headed hydra bites you!
The seven-headed hydra closely misses you.
The seven-headed hydra bites you. x2
The seven-headed hydra closely misses you.
The seven-headed hydra misses you.
The seven-headed hydra barely misses you. x2
The seven-headed hydra bites you!
* * * LOW HITPOINT WARNING * * *
The seven-headed hydra bites you!
* * * LOW HITPOINT WARNING * * *
The seven-headed hydra bites you!
* * * LOW HITPOINT WARNING * * *
The seven-headed hydra bites you but does no damage.
The seven-headed hydra bites you!
You die...

....## ##.........P
.....P#### #..........
.......#.# #.........#
.........# ##........##
.........## #..#.....P#
..........###...#...P##
.......%....#..#######
..........P....#
##.....@...P..##
####..D...P..######
#.##....###.....###
##...##............
#................#
......P...........
.....P..#.#......
.#.##P#..##.##....
###...### .#<.


You could see a seven-headed hydra.

Vanquished Creatures
  Fannar (D:10)
  A hydra (Lair:2)
  4 two-headed ogres
  The ghost of Devintownsend the Protected, a novice MiFi of Okawaru (D:6)
  An unseen horror (D:10)
  An oklob plant (D:10)
  2 ice statues (IceCv)
  Psyche (D:9)
  Joseph (D:7)
  5 spiny frogs
  2 rime drakes
  An ice devil (IceCv)
  The ghost of RebelPilot the Poker, an amateur DrBe of Trog (D:4)
  A jumping spider (Lair:2)
  Prince Ribbit (D:8)
  A hornet (D:7)
  2 hippogriffs
  A wyvern (D:9)
  5 yaks (D:10)
  A shadow (D:10)
  A hungry ghost (D:8)
  2 porcupines (Lair:2)
  Purgy (Sewer)
  A hornet zombie (D:8)
  2 orc warriors
  2 ice beasts
  6 ogres
  2 sky beasts
  3 phantoms
  3 black bears
  7 wolves
  4 centaurs
  2 big kobolds (D:7)
  3 crocodiles
  3 bullfrogs
  2 scorpions
  5 killer bees (D:8)
  6 wights
  A howler monkey (D:5)
  3 crimson imps
  6 orc priests
  Crazy Yiuf (D:6)
  2 hounds
  3 orc wizards
  2 centaur skeletons
  2 jellies
  Ijyb (D:3)
  An iguana (D:6)
  6 worker ants
  A hound skeleton (D:10)
  A howler monkey zombie (D:9)
  2 worker ant zombies
  4 gnolls (D:7)
  A howler monkey skeleton (D:7)
  9 adders
  2 shadow imps (D:7)
  8 white imps (IceCv)
  2 ufetubi (IceCv)
  An ooze (D:2)
  An adder skeleton (D:5)
  2 worms
  A dart slug (D:2)
  9 leopard geckos
  25 orcs
  9 giant cockroaches
  5 goblins
  4 hobgoblins
  6 jackals
  19 kobolds
  2 quokkas
  6 bats
  5 frilled lizards
  A jackal skeleton (D:6)
  A quokka skeleton (D:9)
  A quokka zombie (D:9)
  9 rats
  2 plants (D:10)
256 creatures vanquished.

Vanquished Creatures (others)
  The ghost of RebelPilot the Blocker, a journeyman MiFi of Uskayaw (IceCv)
  4 white imps (IceCv)
  3 ufetubi (IceCv)
8 creatures vanquished.

Grand Total: 264 creatures vanquished

Notes
Turn   | Place    | Note
-------+----------+-------------------------------------------
     0 | D:1      | Amciq the Troll Berserker began the quest for the Orb.
     0 | D:1      | Reached XP level 1. HP: 22/22 MP: 0/0
   169 | D:1      | Reached XP level 2. HP: 24/29 MP: 1/1
   319 | D:1      | Reached skill level 3 in Maces & Flails
   699 | D:2      | Reached XP level 3. HP: 21/36 MP: 2/2
   979 | D:2      | Found a faded altar of an unknown god.
  1271 | D:2      | Reached ** piety under Trog
  1271 | D:2      | Reached XP level 4. HP: 40/45 MP: 3/3
  1481 | D:3      | Reached XP level 5. HP: 26/53 MP: 4/4
  1708 | D:3      | Found a glowing drain.
  1712 | Sewer    | Entered a sewer
  1881 | Sewer    | Noticed Purgy
  1895 | Sewer    | Killed Purgy
  1895 | Sewer    | Reached skill level 4 in Maces & Flails
  2220 | D:3      | Noticed a black bear
  2229 | D:3      | Killed a black bear
  2229 | D:3      | Reached XP level 6. HP: 58/62 MP: 5/5
  2438 | D:3      | Noticed Ijyb
  2446 | D:3      | Killed Ijyb
  2462 | D:3      | Reached skill level 1 in Armour
  2676 | D:4      | Noticed RebelPilot's ghost (amateur DrBe)
  2758 | D:4      | Killed RebelPilot's ghost
  2758 | D:4      | Reached XP level 7. HP: 44/71 MP: 6/6
  3664 | D:5      | Entered Level 5 of the Dungeon
  3699 | D:5      | Reached skill level 5 in Maces & Flails
  3729 | D:5      | Reached XP level 8. HP: 79/79 MP: 7/7
  3850 | D:5      | Found Kezxiwes's Jewellery Shoppe.
  3929 | D:5      | Reached skill level 5 in Fighting
  4047 | D:5      | Reached skill level 5 in Dodging
  4188 | D:5      | Gained mutation: You are resistant to hostile enchantments. (MR+) [mutagenic meat]
  4190 | D:5      | Gained mutation: You have a somewhat thin skeletal structure. (Dex +2, Stealth) [mutagenic meat]
  4191 | D:5      | Gained mutation: You have a beak for a mouth. [mutagenic meat]
  4192 | D:5      | Gained mutation: You are partially covered in thin metallic scales. (AC +2) [mutagenic meat]
  4334 | D:6      | Found a staircase to the Ecumenical Temple.
  4448 | D:6      | Noticed Devintownsend's ghost (novice MiFi)
  4461 | D:6      | Killed Devintownsend's ghost
  4461 | D:6      | Reached skill level 6 in Maces & Flails
  4461 | D:6      | Reached XP level 9. HP: 89/89 MP: 8/8
  4478 | D:6      | Found a radiant altar of Vehumet.
  4911 | D:6      | Found a runed door.
  4915 | D:6      | Noticed Crazy Yiuf
  4921 | D:6      | Killed Crazy Yiuf
  5226 | D:7      | Found a deep blue altar of Sif Muna.
  5568 | D:7      | Reached *** piety under Trog
  5603 | D:7      | Found Naimaf's Antique Weapon Boutique.
  5607 | D:7      | Noticed Joseph
  5900 | D:7      | Killed Joseph
  5900 | D:7      | Reached skill level 7 in Maces & Flails
  5900 | D:7      | Reached skill level 5 in Armour
  6455 | D:8      | Reached XP level 10. HP: 97/100 MP: 9/9
  6564 | D:8      | Noticed Prince Ribbit
  6569 | D:8      | Killed Prince Ribbit
  6620 | D:8      | Found a shattered altar of Ashenzari.
  7180 | D:8      | Noticed a two-headed ogre
  7189 | D:8      | Killed a two-headed ogre
  7405 | D:9      | Noticed a two-headed ogre
  7409 | D:9      | Killed a two-headed ogre
  7409 | D:9      | Reached skill level 8 in Maces & Flails
  7647 | D:9      | Reached **** piety under Trog
  7706 | D:9      | Found a staircase to the Orcish Mines.
  7765 | D:9      | Found a bloodstained altar of Trog.
  7820 | D:9      | Received a gift from Trog
  7838 | D:9      | Noticed Psyche
  8164 | D:10     | Entered Level 10 of the Dungeon
  8169 | D:10     | Reached skill level 1 in Throwing
  8190 | D:10     | Noticed an oklob plant
  8199 | D:10     | Found a staircase to the Lair.
  8199 | D:10     | Noticed an oklob plant
  8226 | D:10     | Found a glowing silver altar of Zin.
  8241 | D:10     | Noticed Fannar
  8254 | D:10     | Killed Fannar
  8254 | D:10     | Reached XP level 11. HP: 84/111 MP: 10/10
  8461 | D:10     | Killed an unseen horror
  8610 | D:10     | Noticed a two-headed ogre
  8610 | D:10     | Noticed a two-headed ogre
  8617 | D:10     | Killed a two-headed ogre
  8632 | D:10     | Killed a two-headed ogre
  8736 | D:9      | Killed Psyche
  9244 | D:10     | Killed an oklob plant
  9255 | Lair:1   | Entered Level 1 of the Lair of Beasts
 10185 | Lair:2   | Found a hole to the Spider Nest.
 10191 | Lair:2   | Reached skill level 5 in Throwing
 10318 | Lair:2   | Reached skill level 9 in Maces & Flails
 10344 | Lair:2   | Found a frozen archway.
 10354 | IceCv    | Entered an ice cave
 10401 | IceCv    | Killed RebelPilot's ghost
 10493 | IceCv    | Reached ***** piety under Trog
 10555 | IceCv    | Reached XP level 12. HP: 122/122 MP: 11/11
 10606 | Lair:2   | Noticed a five-headed hydra
 10612 | Lair:2   | Killed a five-headed hydra
 10673 | Lair:2   | Noticed a seven-headed hydra
 10681 | Lair:2   | Slain by a seven-headed hydra

Vault maps used:
D:1:      lemuel_arrival_river_bridge
D:2:      chequers_ecumenical_altar_island
D:3:      gup_sewer_entry_bowl, uniq_iyjb
D:5:      first_bread, serial_shops, shop
D:6:      nicolae_overflow_crystal_walls, minmay_temple_entry_statues,
          hangedman_abyss_or_decor_lesser_grid, uniq_crazy_yiuf_cottage
D:7:      kennysheep_six_static_rooms, lemuel_crystal_altar, serial_shops, shop,
          uniq_joseph
D:8:      ashenzari_altar_1, uniq_prince_ribbit1
D:9:      kennysheep_mini_moat, orc_0_dummy, uniq_psyche
D:10:     dpeg_oklobed_lair, basic_altar, uniq_fannar
Lair:2:   spider_nest_entry_rubble, portal_ice_cave_entry_pillars_1
Sewer:    sewer_the_crocodile
IceCv:    ice_cave_small_demon

Skill      XL: |  1  2  3  4  5  6  7  8  9 10 11 |
---------------+----------------------------------+-----
Maces & Flails | 3 4 5 6 7 8 9 |  9.1
Fighting       | 3 4 5 6 7 8 |  8.7
Dodging        | 3 4 5 6 7 8 |  8.7
Armour         | 2 4 5 6 7 |  7.3
Throwing       | 2 5 |  5.9

Action                   |  1- 3 |  4- 6 |  7- 9 | 10-12 || total
-------------------------+-------+-------+-------+-------++-------
Melee: Mace              |   155 |   150 |    99 |       ||   404
       Giant spiked club |       |       |   134 |   292 ||   426
       Peck              |       |       |    30 |    66 ||    96
Invok: Berserk           |       |     6 |    13 |    11 ||    30
       Trog's Hand       |       |     3 |     4 |     2 ||     9
       Burn Spellbooks   |       |       |       |     2 ||     2
  Use: Scroll            |       |     9 |     8 |     3 ||    20
 Stab: Sleeping          |       |       |     2 |       ||     2
  Eat: Chunk             |    18 |    19 |    39 |    52 ||   128
       Fruit             |       |       |     2 |       ||     2
       Meat ration       |       |       |     2 |       ||     2
Armor: Animal skin       |    96 |    24 |       |       ||   120
       Troll leather arm |       |    41 |    82 |   152 ||   275
Dodge: Dodged            |   125 |   104 |   182 |   346 ||   757
